 Dungeon Crawl Stone Soup version 0.30.0-5-g1a98f26d00 (webtiles) character file.

Game seed: 12373478289959243754

788 zazu2006 the Thaumaturge (level 7, -3/51 HPs)
             Began as a Gnoll Wanderer on May 9, 2023.
             Was an Initiate of Vehumet.
             Slain by an ice beast (13 damage)
             ... on level 5 of the Dungeon.
             The game lasted 00:08:17 (3688 turns).

zazu2006 the Thaumaturge (Gnoll Wanderer)           Turns: 3688, Time: 00:08:18

Health: -3/51      AC:  3    Str:  9    XL:     7   Next: 87%
Magic:  21/22      EV: 12    Int: 18    God:    Vehumet [......]
Gold:   209        SH:  0    Dex:  9    Spells: 25/29 levels left

rFire   . . .        a - +0 dagger
rCold   . . .        (no shield)
rNeg    . . .        c - +0 robe
rPois   .            (no helmet)
rElec   .            d - +0 cloak
rCorr   .            (no gloves)
SInv    .            (no boots)
Will    +....        l - amulet of magic regeneration
Stlth   +++          q - ring of willpower
HPRegen 0.28/turn    (no ring)
MPRegen 0.58/turn

%: no passive effects
@: no status effects
A: fangs 1, strong nose, distributed training
a: Renounce Religion


You were on level 5 of the Dungeon.
You worshipped Vehumet.
Vehumet was noncommittal.
You visited 2 branches of the dungeon, and saw 6 of its levels.

You collected 209 gold pieces.

Inventory:

Hand Weapons
 a - a +0 dagger (weapon)
Armour
 c - a +0 robe (worn)
 d - a +0 cloak (worn)
 t - the +0 ring mail "Cereel" {Str+2 Slay+4}
   (You took it off a goblin on level 3 of the Dungeon)

   Str:       It affects your strength (+2).
   Slay:      It affects your accuracy & damage with ranged weapons and melee
   (+4).
Jewellery
 l - an amulet of magic regeneration (around neck)
 q - a ring of willpower (left hand)
Scrolls
 h - 3 scrolls of identify {unknown}
 i - a scroll of enchant armour {unknown}
 j - 3 scrolls of noise {unknown}
 k - a scroll of fog {unknown}
 m - 4 scrolls of teleportation {unknown}
 n - 2 scrolls of magic mapping {unknown}
 o - a scroll of poison {unknown}
 p - a scroll of brand weapon {unknown}
 s - 2 scrolls of amnesia {unknown}
 v - a scroll of silence {unknown}
 w - a scroll of fear {unknown}
 x - a scroll of vulnerability {unknown}
 y - a scroll of enchant weapon {unknown}
Potions
 b - a potion of attraction
 e - a potion of haste {unknown}
 f - 3 potions of might {unknown}
 g - 2 potions of brilliance {unknown}
 r - a potion of flight {unknown}
 u - a potion of lignification {unknown}
 z - 2 potions of resistance {unknown}


   Skills:
 + Level 2.8 Fighting
 + Level 2.8 Short Blades
 + Level 2.8 Long Blades
 + Level 2.8 Axes
 + Level 2.8 Maces & Flails
 + Level 2.8 Polearms
 + Level 2.8 Staves
 + Level 2.8 Ranged Weapons
 + Level 2.8 Throwing
 + Level 2.8 Armour
 + Level 2.8 Dodging
 + Level 6.7 Stealth
 + Level 2.8 Shields
 + Level 2.8 Unarmed Combat
 + Level 11.7 Spellcasting
 + Level 2.3 Conjurations
 + Level 2.3 Hexes
 + Level 2.3 Summonings
 + Level 2.3 Necromancy
 + Level 2.3 Translocations
 + Level 2.3 Transmutations
 + Level 2.3 Fire Magic
 + Level 2.3 Ice Magic
 + Level 2.3 Air Magic
 + Level 3.2 Earth Magic
 + Level 2.3 Poison Magic
 + Level 3.1 Invocations
 + Level 2.8 Evocations


You had 25 spell levels left.
You knew the following spells:

 Your Spells              Type           Power      Damage    Failure   Level
a - Sandblast             Erth           44%        2d11      1%          1
b - Stone Arrow           Conj/Erth      40%        3d9       6%          3

Your spell library contained the following spells:

 Spells                   Type           Power      Damage    Failure   Level
 Freeze                   Ice            72%        1d8       2%          1
 Kiss of Death            Conj/Necr      72%        2d10      2%          1
 Slow                     Hex            72%        N/A       2%          1
 Scorch                   Fire           36%        2d6       3%          2
 Call Canine Familiar     Summ           18%        N/A       8%          3
 Confusing Touch          Hex            18%        N/A       8%          3
 Frozen Ramparts          Ice            36%        1d6       8%          3
 Hailstorm                Conj/Ice       18%        3d6       8%          3
 Ignite Poison            Fire/Tmut/Pois 18%        N/A       8%          3
 Vampiric Draining        Necr           18%        2d7       8%          3
 Vhi's Electric Charge    Tloc/Air       36%        N/A       8%          3
 Flame Wave               Conj/Fire      18%        2d7       26%         4
 Sticky Flame             Conj/Fire      18%        2d4       26%         4
 Arcjolt                  Conj/Air       9%         1d19      56%         5
 Summon Cactus Giant      Summ           9%         N/A       98%         6
 Ignition                 Fire           9%         3d5       100%        8
 Maxwell's Capacitive Co  Air            9%         ∞         100%        8


Dungeon Overview and Level Annotations

Branches:
Dungeon (5/15)             Temple (1/1) D:4

Altars:
Cheibriados
Fedhas
Trog
Uskayaw
Vehumet
Yredelemnul

Shops:
D:1 [(


Innate Abilities, Weirdness & Mutations

You have very sharp teeth.
Your uncanny sense of smell can sniff out nearby items.
Your experience applies equally to all skills.


Message History

Aim: an ice beast (lightly wounded, 83% to hit)
The blast of sand hits the ice beast but does no damage.
The ice beast is lightly wounded.
The ice beast hits you. The ice beast freezes you!
* * * LOW HITPOINT WARNING * * *
Unknown command.
Unknown command.
Casting: Sandblast (safe; 1% risk of failure)
Confirm with . or Enter, or press ? or * to list all spells.
Aiming: Sandblast (safe; 1% risk of failure)
Press: ? - help, Shift-Dir - straight line, f/p - ice beast
Aim: an ice beast (lightly wounded, 83% to hit)
The blast of sand hits the ice beast.
The ice beast is moderately wounded.
The ice beast closely misses you. The ice beast misses you.
Unknown command.
Unknown command.
Unknown command.
Casting: Sandblast (safe; 1% risk of failure)
Confirm with . or Enter, or press ? or * to list all spells.
Aiming: Sandblast (safe; 1% risk of failure)
Press: ? - help, Shift-Dir - straight line, f/p - ice beast
Aim: an ice beast (moderately wounded, 83% to hit)
The blast of sand hits the ice beast!
The ice beast is heavily wounded.
The ice beast misses you.
Unknown command.
Unknown command.
Unknown command.
Casting: Sandblast (safe; 1% risk of failure)
Confirm with . or Enter, or press ? or * to list all spells.
Aiming: Sandblast (safe; 1% risk of failure)
Press: ? - help, Shift-Dir - straight line, f/p - ice beast
Aim: an ice beast (heavily wounded, 83% to hit)
The blast of sand hits the ice beast.
The ice beast is severely wounded.
The ice beast hits you.
* * * LOW HITPOINT WARNING * * *
The ice beast freezes you!
You die...

#.###### #..#...#
####...##### # #
##.##..####.# .#
####.#......#.## ##.###
........####.## #.....#
####...## #..###.......
#..## ###.##........
##..####.....@Y......
##..........#†.......
#...........#.....$.. #
##..#........#........
###...##....#..#........
.......##..##..##.......
.####........... .......
.# ##....#..... .......
.# ...####


You could see an ice beast.

Vanquished Creatures
  Sigmund (D:4)
  An ogre (D:5)
  A scorpion (D:5)
  A water moccasin zombie (D:4)
  A howler monkey (D:5)
  A hound (D:5)
  3 orc priests (D:3)
  Natasha (D:3)
  2 orc wizards
  2 scorpion zombies (D:4)
  An adder (D:3)
  A shadow imp (D:5)
  An adder zombie (D:4)
  A worm (D:2)
  3 dart slugs
  22 orcs
  9 ball pythons
  13 endoplasms
  6 giant cockroaches
  7 goblins
  6 hobgoblins
  7 jackals
  4 kobolds
  2 quokkas (D:1)
  4 bats
  A frilled lizard (D:1)
  4 rats
106 creatures vanquished.

Notes
Turn   | Place    | Note
-------+----------+-------------------------------------------
     0 | D:1      | Reached skill level 11 in Spellcasting
     0 | D:1      | zazu2006 the Gnoll Wanderer began the quest for the Orb.
     0 | D:1      | zazu2006 set off with the following items: a +0 dagger, a
                  | potion of attraction, a +0 robe, a +0 cloak; and the
                  | following spells available to memorise: Sandblast, Kiss of
                  | Death, Stone Arrow, Call Canine Familiar, Ignite Poison.
     0 | D:1      | Reached XP level 1. HP: 13/13 MP: 12/12
    26 | D:1      | Learned a level 1 spell: Sandblast
    64 | D:1      | Reached XP level 2. HP: 18/19 MP: 9/14
   456 | D:1      | Found Ywofif's Antique Armour Shop.
   633 | D:1      | Found Oblo Naa's Antique Weapon Emporium.
   741 | D:1      | Reached XP level 3. HP: 25/25 MP: 11/15
   878 | D:1      | Reached skill level 1 in Invocations
  1488 | D:2      | Reached skill level 1 in Fighting
  1488 | D:2      | Reached skill level 1 in Short Blades
  1488 | D:2      | Reached skill level 1 in Long Blades
  1488 | D:2      | Reached skill level 1 in Axes
  1488 | D:2      | Reached skill level 1 in Maces & Flails
  1488 | D:2      | Reached skill level 1 in Polearms
  1488 | D:2      | Reached skill level 1 in Staves
  1488 | D:2      | Reached skill level 1 in Ranged Weapons
  1488 | D:2      | Reached skill level 1 in Throwing
  1488 | D:2      | Reached skill level 1 in Armour
  1488 | D:2      | Reached skill level 1 in Dodging
  1488 | D:2      | Reached skill level 1 in Shields
  1488 | D:2      | Reached skill level 1 in Unarmed Combat
  1488 | D:2      | Reached skill level 1 in Evocations
  1611 | D:2      | Reached XP level 4. HP: 32/32 MP: 15/17
  1963 | D:3      | Identified the +0 ring mail "Cereel" {Str+2 Slay+4}
  1992 | D:3      | Noticed Natasha
  2006 | D:3      | Killed Natasha
  2007 | D:3      | Reached skill level 1 in Conjurations
  2007 | D:3      | Reached skill level 1 in Hexes
  2007 | D:3      | Reached skill level 1 in Summonings
  2007 | D:3      | Reached skill level 1 in Necromancy
  2007 | D:3      | Reached skill level 1 in Translocations
  2007 | D:3      | Reached skill level 1 in Transmutations
  2007 | D:3      | Reached skill level 1 in Fire Magic
  2007 | D:3      | Reached skill level 1 in Ice Magic
  2007 | D:3      | Reached skill level 1 in Air Magic
  2007 | D:3      | Reached skill level 1 in Poison Magic
  2242 | D:3      | Reached XP level 5. HP: 13/37 MP: 16/18
  2408 | D:3      | Reached XP level 6. HP: 28/44 MP: 18/20
  2570 | D:3      | Learned a level 3 spell: Stone Arrow
  2925 | D:4      | Found a basalt altar of Yredelemnul.
  3120 | D:4      | Noticed Sigmund
  3127 | D:4      | Killed Sigmund
  3128 | D:4      | Reached XP level 7. HP: 40/51 MP: 20/22
  3165 | D:4      | Found a staircase to the Ecumenical Temple.
  3190 | Temple   | Entered the Ecumenical Temple
  3230 | Temple   | Became a worshipper of Vehumet
  3392 | D:4      | Found a snail-covered altar of Cheibriados.
  3458 | D:3      | Found a bloodstained altar of Trog.
  3494 | D:5      | Entered Level 5 of the Dungeon
  3498 | D:5      | Found a hide-covered altar of Uskayaw.
  3688 | D:5      | Slain by an ice beast

Illustrated notes

Levels and vault maps discovered:
D:1:      roderic_dead_forest, layout_basic, serial_shops, shop,
          nicolae_shop_window_shopping, st_stairs_1, corexii_corridor_pit,
          minmay_vboxes
D:2:      layout_basic, serial_bayou_pond_e
D:3:      layout_basic, nicolae_overflow_hidden_temple, palyth_stone_intersect,
          uniq_natasha
D:4:      layout_basic, kennysheep_mini, nicolae_yredelemnul_corpse_copse,
          minmay_temple_entry_wispy, uniq_sigmund
D:5:      layout_layer_cave, nicolae_uskayaw_suspiria
Temple:   minmay_temple_curvy_loop

Skill      XL: |  1  2  3  4  5  6  7 |
---------------+----------------------+-----
Spellcasting   | | 11.7
Earth Magic    | 2 3 |  3.2
Stealth        | 6 |  6.7
Invocations    | 1 2 3 |  3.1
Fighting       | 1 2 |  2.8
Short Blades   | 1 2 |  2.8
Long Blades    | 1 2 |  2.8
Axes           | 1 2 |  2.8
Maces & Flails | 1 2 |  2.8
Polearms       | 1 2 |  2.8
Staves         | 1 2 |  2.8
Ranged Weapons | 1 2 |  2.8
Throwing       | 1 2 |  2.8
Armour         | 1 2 |  2.8
Dodging        | 1 2 |  2.8
Shields        | 1 2 |  2.8
Unarmed Combat | 1 2 |  2.8
Evocations     | 1 2 |  2.8
Conjurations   | 1 2 |  2.3
Hexes          | 1 2 |  2.3
Summonings     | 1 2 |  2.3
Necromancy     | 1 2 |  2.3
Translocations | 1 2 |  2.3
Transmutations | 1 2 |  2.3
Fire Magic     | 1 2 |  2.3
Ice Magic      | 1 2 |  2.3
Air Magic      | 1 2 |  2.3
Poison Magic   | 1 2 |  2.3

Action                     |  1- 3 |  4- 6 |  7- 9 || total
---------------------------+-------+-------+-------++-------
  Melee: Dagger            |    13 |       |       ||    13
         Bite              |     1 |       |       ||     1
   Cast: Sandblast         |    59 |   108 |    20 ||   187
   Stab: Sleeping          |     2 |       |       ||     2
 Armour: Robe              |     9 |    16 |     2 ||    27
  Dodge: Dodged            |    19 |    42 |     6 ||    67
